 Dungeon Crawl Stone Soup version 0.26-a0-651-gb41185065b (webtiles) character file.

Game seed: 15304783676564425163

7 Lanoc the Sneak (level 2, -4/19 HPs)
             Began as a Kobold Delver on Oct 16, 2020.
             Slain by a worm (10 damage)
             ... in a sewer.
             The game lasted 00:01:10 (180 turns).

Lanoc the Sneak (Kobold Delver)                      Turns: 180, Time: 00:01:11

Health: -4/19      AC:  3    Str:  9    XL:     2   Next: 10%
Magic:  2/2        EV: 15    Int: 11    God:
Gold:   12         SH:  0    Dex: 16    Spells: 1/1 levels left

rFire    . . .     SeeInvis .   a - +0 short sword
rCold    . . .     Faith    .   (shield restricted)
rNeg     . . .     Spirit   .   b - +0 leather armour
rPois    .         Reflect  .   (no helmet)
rElec    .         Harm     .   (no cloak)
rCorr    .         Rampage  .   (no gloves)
MR       .....                  (no boots)
Stlth    ++++......             (no amulet)
HPRegen  0.06/turn              (no ring)
MPRegen  0.08/turn              (no ring)

@: no status effects
A: small, nightstalker 3
a: no special abilities


You were in a sewer.
You visited 1 branch of the dungeon, and saw 2 of its levels.
You also visited: Sewer.

You collected 12 gold pieces.

Inventory:

Hand Weapons
 a - a +0 short sword (weapon)
Armour
 b - a +0 leather armour (worn)
Wands
 g - a wand of digging (3)
Scrolls
 c - a scroll of fog
 e - a scroll of fear
Potions
 f - a potion of haste


   Skills:
 + Level 3.4 Fighting
 - Level 2.6 Short Blades
 + Level 2.6 Dodging
 * Level 6.9 Stealth


You had one spell level left.
You didn't know any spells.
Your spell library was empty.

Dungeon Overview and Level Annotations

Branches:
Dungeon (5/15)              Sewer (1/1)
 Temple: D:4-7

Altars:


Innate Abilities, Weirdness & Mutations

You are small and have problems with some larger weapons.
You are completely attuned to the shadows.


Message History

The giant cockroach bites you but does no damage.
You closely miss the giant cockroach.
The giant cockroach is almost dead.
The giant cockroach bites you but does no damage.
You completely miss the giant cockroach.
The giant cockroach is almost dead.
The giant cockroach completely misses you.
You barely miss the giant cockroach.
The giant cockroach is almost dead.
The giant cockroach barely misses you. The giant cockroach closely misses you.
You hit the giant cockroach.
You kill the giant cockroach!
The worm barely misses you.
You enter the shallow water.
Moving in this stuff is going to be slow.
A bat comes into view.
The worm bites you. The worm bites you!
Ouch! That really hurt!
You die...

≈≈≈# #≈≈≈# ####
.≈≈≈# ###∩.###
####≈≈.#
#......####.@≈≈≈≈#
#..†.∩....†.≈w≈≈≈#
#..........≈.≈≈≈≈#
##.....##.####≈≈≈#
##...##### #≈≈≈#
##### #≈≈≈# ≈b≈≈


You could see a worm.

Vanquished Creatures
  A leopard gecko (Sewer)
  An orc (D:4)
  A giant cockroach (Sewer)
  A bat (Sewer)
  2 frilled lizards (Sewer)
6 creatures vanquished.

Notes
Turn   | Place    | Note
-------+----------+-------------------------------------------
     0 | D:5      | Lanoc the Kobold Delver began the quest for the Orb.
     0 | D:5      | Reached XP level 1. HP: 14/14 MP: 1/1
   106 | D:4      | Found a glowing drain.
   118 | Sewer    | Entered a sewer
   150 | Sewer    | Reached XP level 2. HP: 9/19 MP: 2/2
   180 | Sewer    | Slain by a worm

Illustrated notes

Levels and vault maps discovered:
D:4:      layout_cave_pools, cheibrodos_sewer_entry_bend, kennysheep_path_1,
          serial_park_tiny_pond
D:5:      layout_basic, nicolae_ru_great_annihilating_truth
Sewer:    sewer_fruit_machine

Action                   || total
-------------------------++-------
Melee: Short sword       ||    29
  Use: Scroll            ||     1
 Stab: Sleeping          ||     3
Armor: Leather armour    ||    13
Dodge: Dodged            ||    35

Table legend: (Time is in decaauts)
 A = Elapsed time spent in this place.
 B = Non-inter-level travel time spent in this place.
 C = Inter-level travel time spent in this place.
 D = Time resting spent in this place.
 E = Time spent auto-exploring this place.
 F = Levels seen in this place.
 G = Mean time per level.
                   A        B        C        D        E       F      G
               +--------+--------+--------+--------+--------+-----+--------+
         Total |    183 |    183 |      0 |      0 |      0 |   3 |   61.0 |
       Dungeon |    120 |    120 |      0 |      0 |      0 |   2 |   60.0 |
         Sewer |     63 |     63 |      0 |      0 |      0 |   1 |   63.0 |
               +--------+--------+--------+--------+--------+-----+--------+

Top non-repeatable levels by time:
     D:4: 116 daAuts
   Sewer: 63 daAuts
     D:5: 4 daAuts
